 Dungeon Crawl Stone Soup version 0.30-a0-1016-gfb0d676c02 (webtiles) character file.

Game seed: 6651235812872747482

639 jasper the Conjurer (level 7, -1/36 HPs)
             Began as a Gargoyle Conjurer on Apr 6, 2023.
             Slain by an orc
             ... wielding a +0 flail
              (3 damage)
             ... on level 5 of the Dungeon.
             The game lasted 00:06:48 (4719 turns).

jasper the Conjurer (Gargoyle Conjurer)             Turns: 4719, Time: 00:06:49

Health: -1/36      AC:  7    Str: 10 (11) XL:     7   Next: 50%
Magic:  11/12      EV: 11    Int: 19 (20) God:
Gold:   244        SH:  0    Dex:  7 (8)  Spells: 2/13 levels left

rFire   . . .      SeeInvis .    p - +4 spear of the End of Times {protect, Fly}
rCold   . . .      Faith    .    h - +0 buckler
rNeg    + . .      Spirit   .    a - +0 robe
rPois   ∞          Reflect  .    k - +0 helmet
rElec   +          Rampage  .    (no cloak)
rCorr   .                        (no gloves)
Will    .....                    (no boots)
Stlth   +                        (no amulet)
HPRegen 0.26/turn                (no ring)
MPRegen 0.13/turn                (no ring)

@: confused, mighty, flying
A: sickness immunity, AC +4, negative energy resistance 1, electricity
resistance, torment resistance 1, petrification resistance
a: no special abilities


You were on level 5 of the Dungeon.
You visited 1 branch of the dungeon, and saw 5 of its levels.

You collected 244 gold pieces.

Inventory:

Hand Weapons
 f - the +9 great sword of Ignis's Fury {speed, *Corrode Int+3 SInv}
   (You acquired it on level 2 of the Dungeon)

   Int:       It affects your intelligence (+3).
   SInv:      It lets you see invisible.
   *Corrode:  It may corrode you when you take damage.
 o - a +1 dagger
 p - the +4 spear of the End of Times (weapon) {protect, Fly}
   (You found it on level 3 of the Dungeon)

   Fly:       It grants you flight.
Missiles
 j - 12 poisoned darts
Armour
 a - a +0 robe (worn)
 h - a +0 buckler (worn)
 k - a +0 helmet (worn)
Wands
 d - a wand of iceblast (7)
Scrolls
 c - 2 scrolls of amnesia
 q - a scroll of immolation {unknown}
 s - 3 scrolls of identify
 t - a scroll of enchant weapon
 u - a scroll of silence {unknown}
 v - a scroll of magic mapping {unknown}
 y - a scroll of teleportation
Potions
 e - 2 potions of attraction
 g - a potion of degeneration
 i - a potion of cancellation {unknown}
 l - a potion of might
 m - a potion of resistance {unknown}
 n - a potion of brilliance {unknown}
 r - a potion of haste {unknown}
 w - a potion of flight {unknown}
 x - a potion of curing {unknown}


   Skills:
 - Level 1.5 Dodging
 - Level 2.1 Stealth
 - Level 4.0 Shields
 - Level 3.6 Spellcasting
 - Level 5.8 Conjurations
 + Level 2.8 Hexes
 + Level 2.8 Translocations


You had 2 spell levels left.
You knew the following spells:

 Your Spells              Type           Power      Damage    Failure   Level
a - Magic Dart            Conj           100%       1d8       1%          1
b - Searing Ray           Conj           50%        2d6       2%          2
c - Fulminant Prism       Conj/Hex       9%         3d6       30%         4
d - Iskenderun's Mystic   Conj/Tloc      19%        2d6       30%         4

Your spell library contained the following spells:

 Spells                   Type           Power      Damage    Failure   Level
 Dazzling Flash           Conj/Hex       38%        N/A       9%          3


Dungeon Overview and Level Annotations

Branches:
Dungeon (5/15)
 Temple: D:4-7

Altars:


Innate Abilities, Weirdness & Mutations

You are immune to sickness and miasma.
Your stone body is resilient. (AC +4)
You are immune to poison.
You resist negative energy. (rN+)
You are resistant to electric shocks. (rElec)
You are resistant to unholy torment.
You are immune to petrification.


Message History

The iceblast engulfs the orc!
You kill the orc!
The iceblast engulfs the orc wizard!!
You kill the orc wizard!
The iceblast engulfs you.
* * * LOW HITPOINT WARNING * * *
Something hits you.
* * * LOW HITPOINT WARNING * * *
You take 9 damage, and have 7/36 hp.
MASSIVE DAMAGE!!
Magic courses through your body. Something hits you.
* * * LOW HITPOINT WARNING * * *
You take 1 damage, and have 6/36 hp.
MP restored: 12
Casting: Searing Ray (safe; 2% risk of failure)
Confirm with . or Enter, or press ? or * to list all spells.
Aiming: Searing Ray (safe; 2% risk of failure)
Press: ? - help, Shift-Dir - straight line, f - orc
Aim: an orc, wielding a +0 flail and wearing a +0 ring mail (82% to hit)
The searing ray hits the orc.
The orc is severely wounded. (Press . to maintain the ray.)
The orc hits you with a +0 flail.
* * * LOW HITPOINT WARNING * * *
You hear some strange, mumbled words.
You are confused.
You take 2 damage, and have 4/36 hp.
You now have 10/12 mp.
The orc hits you with a +0 flail.
* * * LOW HITPOINT WARNING * * *
Something hits you but does no damage.
You take 1 damage, and have 3/36 hp.
It was a potion of degeneration.
There was something very wrong with that liquid.
You feel weakened.
You feel dopey.
You feel clumsy. The orc closely misses you. Something hits you.
* * * LOW HITPOINT WARNING * * *
You take 1 damage, and have 2/36 hp.
It was a potion of might.
You feel very mighty all of a sudden. The orc hits you with a +0 flail.
You die...

.........
......$ #......
#..<... #.....#
#....# #..).#
###..))### #.#
#.....){@##...?#
........o<..†#
.......###...#
....... ##..#
....... #....
....... .###
....... .
##..... .


You could see an orc.

Vanquished Creatures
  Eustachio (D:4)
  A water moccasin (D:5)
  A scorpion (D:5)
  A gnoll bouda (D:4)
  A jelly (D:4)
  An orc priest (D:5)
  Ijyb (D:3)
  2 orc wizards
  3 gnolls (D:4)
  5 adders
  A worm (D:2)
  2 dart slugs (D:2)
  10 orcs
  2 ball pythons
  6 endoplasms
  2 giant cockroaches
  6 goblins
  3 hobgoblins
  6 jackals
  3 quokkas
  4 bats
  7 frilled lizards
  6 kobolds
  9 rats
84 creatures vanquished.

Vanquished Creatures (others)
  A fulminant prism (D:5)
  8 plants (D:3)
9 creatures vanquished.

Grand Total: 93 creatures vanquished

Notes
Turn   | Place    | Note
-------+----------+-------------------------------------------
     0 | D:1      | jasper the Gargoyle Conjurer began the quest for the Orb.
     0 | D:1      | Reached XP level 1. HP: 10/10 MP: 3/3
   548 | D:1      | Reached XP level 2. HP: 15/15 MP: 3/5
   579 | D:1      | Learned a level 2 spell: Searing Ray
  1570 | D:2      | Reached skill level 1 in Shields
  1570 | D:2      | Reached XP level 3. HP: 19/19 MP: 3/6
  1895 | D:2      | Reached skill level 5 in Conjurations
  2135 | D:2      | Reached XP level 4. HP: 24/24 MP: 3/8
  2355 | D:2      | Learned a level 4 spell: Fulminant Prism
  2356 | D:2      | Identified a scroll of acquirement
  2356 | D:2      | Acquired the +9 great sword of Ignis's Fury {speed,
                  | *Corrode Int+3 SInv}
  2860 | D:3      | Identified the +4 spear of the End of Times {protect, Fly}
  2888 | D:3      | Noticed Ijyb
  2920 | D:3      | Killed Ijyb
  2921 | D:3      | Reached XP level 5. HP: 19/28 MP: 0/9
  4062 | D:4      | Reached XP level 6. HP: 12/32 MP: 0/11
  4067 | D:4      | Learned a level 4 spell: Iskenderun's Mystic Blast
  4271 | D:4      | Noticed Eustachio
  4281 | D:4      | Killed Eustachio
  4282 | D:4      | Reached skill level 1 in Hexes
  4282 | D:4      | Reached skill level 1 in Translocations
  4558 | D:5      | Entered Level 5 of the Dungeon
  4639 | D:5      | Reached XP level 7. HP: 36/36 MP: 6/12
  4701 | D:5      | Identified the +1 leather armour of Efokkek Gah {rPois
                  | Will++ Regen+ Str-5}
  4719 | D:5      | Slain by an orc

Illustrated notes

Levels and vault maps discovered:
D:1:      roderic_chinese_lattice_arrival, layout_loops_corners
D:2:      layout_loops_ring
D:3:      layout_basic, lexackson_kobold_supper, uniq_ijyb
D:4:      layout_cave_pools, nicolae_figureground_sparkle, uniq_eustachio
D:5:      layout_layer_cave, lemuel_round_altar,
          mainiacjoe_overflow_small_starburst,
          minmay_temple_entry_statues_fountains, minmay_starry_boxes,
          uniq_sigmund

Skill      XL: |  1  2  3  4  5  6  7 |
---------------+----------------------+-----
Shields        | 1 2 3 4 |  4.0
Conjurations   | 5 |  5.8
Spellcasting   | 3 |  3.6
Hexes          | 1 2 |  2.8
Translocations | 1 2 |  2.8
Dodging        | |  1.5
Stealth        | |  2.1

Action                     |  1- 3 |  4- 6 |  7- 9 || total
---------------------------+-------+-------+-------++-------
  Melee: Unarmed           |     7 |       |       ||     7
         Dagger            |     1 |    17 |       ||    18
         Spear             |       |    17 |    14 ||    31
   Cast: Magic Dart        |    67 |    47 |     9 ||   123
         Searing Ray       |     4 |    16 |     3 ||    23
         Fulminant Prism   |       |     1 |       ||     1
  Evoke: Wand              |       |     2 |     1 ||     3
    Use: Scroll            |       |     9 |       ||     9
         Potion            |       |     1 |     3 ||     4
 Armour: Robe              |     2 |    27 |     6 ||    35
  Dodge: Dodged            |     6 |    44 |     5 ||    55
  Block: Buckler           |     2 |    10 |     7 ||    19

Table legend: (Time is in decaauts)
 A = Elapsed time spent in this place.
 B = Non-inter-level travel time spent in this place.
 C = Inter-level travel time spent in this place.
 D = Time resting spent in this place.
 E = Time spent auto-exploring this place.
 F = Levels seen in this place.
 G = Mean time per level.
                   A        B        C        D        E       F      G
               +--------+--------+--------+--------+--------+-----+--------+
         Total |   4724 |   4554 |    170 |    231 |   3770 |   5 |  944.8 |
       Dungeon |   4724 |   4554 |    170 |    231 |   3770 |   5 |  944.8 |
               +--------+--------+--------+--------+--------+-----+--------+

Top non-repeatable levels by time:
     D:1: 1411 daAuts
     D:3: 1399 daAuts
     D:2: 984 daAuts
     D:4: 833 daAuts
     D:5: 95 daAuts
